 Dungeon Crawl Stone Soup version 0.18-a0-1685-g4482fe3 (webtiles) character file.

140 namelastname112 the Grasshopper (level 5, -1/45 HPs)
             Began as a Draconian Warper on Apr 4, 2016.
             Slain by 4thArraOfDagon's ghost (7 damage)
             ... on level 4 of the Dungeon.
             The game lasted 00:06:08 (3487 turns).

namelastname112 the Grasshopper (Draconian Warper)  Turns: 3487, Time: 00:06:08

Health: -1/45      AC:  6    Str: 13    XL:     5   Next: 2%
Magic:  17/17      EV:  6    Int: 13    God:
Gold:   119        SH:  0    Dex: 12    Spells: 2 memorised, 5 levels left

rFire  . . .     SeeInvis .     a - +0 short sword
rCold  . . .     Gourm    .     (armour unavailable)
rNeg   . . .     Faith    .     (no shield)
rPois  .         Spirit   .     k - +1 hat
rElec  .         Dismiss  .     (no cloak)
rCorr  .         Reflect  .     (no gloves)
SustAt .         Harm     .     (no boots)
MR     .....                    (no amulet)
Stlth  +.........               x - -2 ring of evasion (curse)
                                j - ring of magical power

@: very slightly contaminated, invisible, not resistant to hostile enchantments,
very unstealthy
A: unfitting armour, cold-blooded, AC +5
a: no special abilities


You were on level 4 of the Dungeon.
You were not hungry.

You visited 1 branch of the dungeon, and saw 4 of its levels.

You collected 119 gold pieces.

Inventory:

Hand Weapons
 a - a +0 short sword (weapon)
Missiles
 d - 5 tomahawks of dispersal (quivered)
 e - 4 arrows of flame
 l - 22 arrows
Armour
 k - a +1 hat (worn)
Jewellery
 h - an uncursed ring of ice
 j - a ring of magical power (left hand)
 x - a cursed -2 ring of evasion (right hand)
Scrolls
 c - 2 scrolls of blinking
 g - 2 scrolls of immolation {unknown}
 m - 2 scrolls of teleportation {unknown}
 r - 2 scrolls of enchant weapon {unknown}
 t - a scroll of recharging {unknown}
 u - a scroll of fear {unknown}
Potions
 n - a potion of curing
 o - a potion of brilliance
 p - a potion of agility
 s - 2 potions of magic
 v - a potion of haste
 w - a potion of flight
Books
 b - a book of Spatial Translocations

   Spells                             Type                      Level
   a - Apportation                    Translocation                1
   b - Blink                          Translocation                2
   c - Shroud of Golubria             Charms/Translocation         2
   d - Portal Projectile              Translocation                3
   e - Teleport Other                 Translocation                3
   f - Passage of Golubria            Translocation                4


   Skills:
 + Level 3.1 Fighting
 + Level 3.4 Short Blades
 - Level 0.8 Throwing
 + Level 3.0 Dodging
 - Level 2.0 Spellcasting
 + Level 3.7 Translocations


You had 5 spell levels left.
You knew the following spells:

 Your Spells              Type           Power        Failure   Level  Hunger
a - Apportation           Tloc           ##........   8%          1    ##.....
c - Blink                 Tloc           N/A          10%         2    ###....


Dungeon Overview and Level Annotations

Branches:
Dungeon (4/15)
 Temple: D:4-7

Altars:
Yredelemnul

Annotations:
D:2 Terence
D:4 4thArraOfDagon's ghost, amateur HOWn


Innate Abilities, Weirdness & Mutations

Your plain brown scales are hard (AC +5).
Your body does not fit into most forms of armour.
You are cold-blooded and may be slowed by cold attacks.


Message History

Press: ? - help, v - describe, . - travel
Here: 4thArraOfDagon's ghost (lightly damaged)
The floor.
You catch the helpless 4thArraOfDagon's ghost completely off-guard!
You hit 4thArraOfDagon's ghost but do no damage.
Your tail-slap misses 4thArraOfDagon's ghost. 4thArraOfDagon's ghost is lightly damaged.
You strike the helpless 4thArraOfDagon's ghost from behind!
You hit 4thArraOfDagon's ghost but do no damage. 4thArraOfDagon's ghost is lightly damaged.
You hit 4thArraOfDagon's ghost but do no damage.
Your tail-slap misses 4thArraOfDagon's ghost. 4thArraOfDagon's ghost is lightly damaged. 4thArraOfDagon's ghost hits you but does no damage.
You barely miss 4thArraOfDagon's ghost. 4thArraOfDagon's ghost is lightly damaged. 4thArraOfDagon's ghost hits you!
* * * LOW HITPOINT WARNING * * *
4thArraOfDagon's ghost hits you!
You die...

#.# #.# #.# ##?##
#...# ###...###
#.###.......#..##
#....@W..........
..............#..##
########....###
#....# #.#.## #.#.#
..... ##>#### #.


You could see 4thArraOfDagon's ghost.

Vanquished Creatures
  Ijyb (D:3)
  4 adders
  2 worms
  2 orcs (D:3)
  7 bats
  5 giant cockroaches
  5 goblins
  12 hobgoblins
  A jackal (D:3)
  A quokka (D:3)
  2 ball pythons
  6 giant newts
  11 kobolds
  10 rats
69 creatures vanquished.

Notes
Turn   | Place    | Note
--------------------------------------------------------------
     0 | D:1      | namelastname112 the Draconian Warper began the quest for the Orb.
     0 | D:1      | Reached XP level 1. HP: 17/17 MP: 3/3
   129 | D:1      | Reached XP level 2. HP: 11/25 MP: 5/5
  1015 | D:2      | Reached XP level 3. HP: 23/30 MP: 6/6
  1058 | D:2      | Learned a level 2 spell: Blink
  1569 | D:2      | Reached XP level 4. HP: 37/37 MP: 7/7
  1984 | D:3      | Noticed Terence
  2610 | D:3      | Noticed Ijyb
  2635 | D:3      | Killed Ijyb
  2994 | D:3      | Found a basalt altar of Yredelemnul.
  3233 | D:4      | Noticed 4thArraOfDagon's ghost (amateur HOWn)
  3246 | D:4      | Reached XP level 5. HP: 19/45 MP: 8/8
  3487 | D:4      | Slain by 4thArraOfDagon's ghost

Vault maps used:
D:1:      onia_arrival_mini_maze_b
D:2:      minmay_kobold_bridge, hangedman_abyss_or_decor_lesser_grid
D:3:      kennysheep_flooded_box, uniq_iyjb, uniq_terence
D:4:      gammafunk_temple_overflow_statue

Skill      XL: |  1  2  3  4 |
---------------+-------------+-----
Short Blades   | 3 |  3.4
Fighting       | 3 |  3.1
Dodging        | 3 |  3.0
Throwing       | |  0.8
Spellcasting   | |  2.0
Translocations | |  3.7

Action                   |  1- 3 |  4- 6 || total
-------------------------+-------+-------++-------
Melee: Short sword       |   161 |   188 ||   349
 Cast: Blink             |       |     1 ||     1
  Use: Scroll            |       |     4 ||     4
       Potion            |       |     2 ||     2
 Stab: Sleeping          |     1 |     1 ||     2
       Invisible         |       |     2 ||     2
  Eat: Chunk             |     1 |     5 ||     6
       Fruit             |       |     1 ||     1
       Bread ration      |       |     1 ||     1
